 Dungeon Crawl Stone Soup version 0.30-a0-924-g0ad0bf95bc (webtiles) character file.

Game seed: 17560162802224226082

765 ZappyNine the Shield-Bearer (level 8, -1/60 (64) HPs)
             Began as a Formicid Fighter on Mar 22, 2023.
             Was an Initiate of Qazlal.
             Slain by Maggie
             ... wielding a +2 halberd of flaming
              (5 damage)
             ... on level 6 of the Dungeon.
             The game lasted 00:07:16 (5586 turns).

ZappyNine the Shield-Bearer (Formicid Fighter)      Turns: 5586, Time: 00:07:16

HP:   -1/60 (64)    AC:  9    Str: 21    XL:     8   Next: 8%
MP:   17/17         EV: 10    Int:  8    God:    Qazlal [......]
Gold: 290           SH:  6    Dex: 14    Spells: 7/7 levels left

rFire   . . .      SeeInvis +    a - +0 long sword
rCold   . . .      Faith    .    c - +0 buckler
rNeg    + . .      Spirit   .    d - +0 troll leather armour {Pargi}
rPois   +          Reflect  .    (helmet unavailable)
rElec   .          Rampage  .    v - +2 ratskin cloak {*Rats rPois rN+ Str-1 Int-1 Dex+1}
rCorr   .                        t - +0 pair of gloves
Will    .....                    (no boots)
Stlth   +                        (no amulet)
HPRegen 1.10/turn                z - ring of magical power
MPRegen 0.15/turn                (no ring)

@: drained
A: permanent stasis, dig shafts and tunnels, antennae 3, four strong arms
a: Dig, Shaft Self, Renounce Religion


You were on level 6 of the Dungeon.
You worshipped Qazlal.
Qazlal was noncommittal.
You visited 2 branches of the dungeon, and saw 7 of its levels.
You also visited: Sewer.

You collected 376 gold pieces.
You spent 86 gold pieces at shops.

Inventory:

Hand Weapons
 a - a +0 long sword (weapon)
 q - a +0 long sword
Armour
 b - a +0 scale mail
 c - a +0 buckler (worn)
 d - a +0 troll leather armour (worn) {Pargi}
 t - a +0 pair of gloves (worn)
 v - the +2 ratskin cloak (worn) {*Rats rPois rN+ Str-1 Int-1 Dex+1}
   (You found it on level 4 of the Dungeon)

   *Rats:     When the wearer is hurt, rats may emerge from it to assist them.
   Str:       It affects your strength (-1).
   Int:       It affects your intelligence (-1).
   Dex:       It affects your dexterity (+1).
   rPois:     It protects you from poison.
   rN:        It protects you from negative energy.
Jewellery
 z - a ring of magical power (left hand)
Wands
 r - a wand of mindburst (11)
 y - a wand of iceblast (11)
Scrolls
 e - a scroll of brand weapon {unknown}
 i - a scroll of noise {unknown}
 k - 5 scrolls of identify
 m - 2 scrolls of vulnerability {unknown}
 p - 2 scrolls of teleportation {unknown}
 s - a scroll of blinking {unknown}
 w - a scroll of amnesia {unknown}
 x - a scroll of torment {unknown}
Potions
 f - a potion of degeneration {unknown}
 g - 3 potions of invisibility {unknown}
 h - 2 potions of mutation {unknown}
 l - a potion of magic {unknown}
 n - a potion of curing {unknown}
 o - a potion of ambrosia
 u - a potion of attraction {unknown}
 A - a potion of flight {unknown}
 B - a potion of haste {unknown}


   Skills:
 + Level 6.2 Fighting
 - Level 2.0 Long Blades
 + Level 6.2 Armour
 + Level 7.5 Shields


You had 7 spell levels left.
You didn't know any spells.
Your spell library contained the following spells:

 Spells                   Type           Power      Damage    Failure   Level
 Slow                     Hex            0%         N/A       52%         1
 Confusing Touch          Hex            0%         N/A       87%         3
 Dazzling Flash           Conj/Hex       0%         N/A       87%         3
 Inner Flame              Hex/Fire       0%         N/A       87%         3
 Vampiric Draining        Necr           0%         2d6       87%         3
 Cause Fear               Hex            0%         N/A       99%         4
 Agony                    Necr           0%         N/A       100%        5
 Silence                  Hex/Air        0%         N/A       100%        5
 Discord                  Hex            0%         N/A       100%        8


Dungeon Overview and Level Annotations

Branches:
Dungeon (6/15)             Temple (1/1) D:4           Sewer (visited)

Altars:
Ashenzari
Cheibriados
Dithmenos
Elyvilon
Fedhas
Gozag
Hepliaklqana
Kikubaaqudgha
Makhleb
Nemelex Xobeh
Okawaru
Qazlal
Ru
Sif Muna
Trog
Uskayaw
Vehumet
Wu Jian
Xom
Yredelemnul
Zin
The Shining One

Shops:
D:2 !*?*

Annotations:
D:6 Maggie


Innate Abilities, Weirdness & Mutations

You cannot be hasted, slowed, berserked, paralysed or teleported.
You can dig through walls and to a lower floor.
You have a pair of large antennae on your head. (SInv)
Your four strong arms can wield two-handed weapons with a shield.


Message History

Maggie hits you but does no damage.
You hit Maggie.
Maggie is heavily wounded.
You break out of your daze.
Maggie barely misses you.
Maggie hits you with a +2 halberd of flaming.
Maggie burns you.
You hit Maggie.
Maggie is heavily wounded.
Maggie casts a spell.
Maggie attempts to bespell you! You resist.
You barely miss Maggie.
Maggie is heavily wounded.
You block Maggie's attack.
You barely miss Maggie.
Maggie is heavily wounded.
Maggie gestures at you while chanting. The bolt of fire hits you!
A river rat scurries out from under your cloak.
Maggie points at you and mumbles some strange words.
The bolt of fire hits you but does no damage.
Unknown command.
You hit Maggie.
Maggie is heavily wounded.
Maggie hits you with a +2 halberd of flaming!
A hell rat scurries out from under your cloak.
Maggie burns you.
Unknown command.
You hit Maggie.
Maggie is severely wounded.
Maggie hits you with a +2 halberd of flaming!
Maggie burns you.
* * * LOW HITPOINT WARNING * * *
Unknown command.
Unknown command.
Maggie attacks as you move away!
Maggie hits you with a +2 halberd of flaming!
* * * LOW HITPOINT WARNING * * *
Maggie burns you.
You die...

# .# #######'##
#........#
.......#
#######......##
##....##.r.....#
#.....#.@r.....#
#..###.@#......#
#..####.#......#
#..#..#.#.?....#
#..)..#.#.....##
##.####.#.....#
#<.####.#.##...#
#.....#..## ...+
##..>.##.


You could see Maggie (ally target), a friendly hell rat and a friendly river
rat.

Vanquished Creatures
  A black bear (D:5)
  Pargi (Sewer)
  A phantom (D:5)
  2 hounds (D:4)
  A jelly (D:5)
  2 orc wizards (D:5)
  2 gnolls (D:6)
  13 adders
  2 river rats (D:4)
  A shadow imp (D:5)
  An ufetubus (D:6)
  4 worms
  4 dart slugs
  5 orcs
  5 endoplasms
  6 giant cockroaches
  9 hobgoblins
  5 jackals (D:3)
  3 quokkas
  8 ball pythons
  5 bats
  8 goblins
  2 kobolds
  6 rats
97 creatures vanquished.

Vanquished Creatures (collateral kills)
  An ogre (D:5)
  A white imp (D:5)
  A dart slug (D:5)
3 creatures vanquished.

Grand Total: 100 creatures vanquished

Notes
Turn   | Place    | Note
-------+----------+-------------------------------------------
     0 | D:1      | ZappyNine the Formicid Fighter began the quest for the Orb.
     0 | D:1      | Reached XP level 1. HP: 18/18 MP: 1/1
   107 | D:1      | Reached XP level 2. HP: 14/24 MP: 2/2
  1103 | D:2      | Found Nyikav's Magic Scroll Shoppe.
  1104 | D:2      | Found Quddas's General Store.
  1119 | D:2      | Reached XP level 3. HP: 14/30 MP: 3/3
  1195 | D:2      | Bought a scroll of identify for 26 gold pieces
  1248 | D:2      | Found Jeschipun's Distillery.
  1258 | D:2      | Bought a potion of heal wounds for 60 gold pieces
  1336 | D:2      | Found Ilocem's General Store.
  1481 | D:2      | Reached XP level 4. HP: 28/37 MP: 4/4
  1624 | D:2      | Reached skill level 5 in Shields
  1668 | D:2      | You fall into a shaft and drop 1 floor!
  1798 | D:3      | Reached XP level 5. HP: 42/42 MP: 5/5
  1943 | D:3      | Found a faded altar of an unknown god.
  2408 | D:4      | Found a glowing drain.
  2448 | Sewer    | Entered a sewer
  2461 | Sewer    | Noticed Pargi
  2482 | Sewer    | Killed Pargi
  2483 | Sewer    | Reached skill level 5 in Fighting
  2483 | Sewer    | Reached skill level 6 in Shields
  2483 | Sewer    | Reached XP level 6. HP: 28/51 MP: 6/6
  2812 | D:4      | Reached skill level 5 in Armour
  2879 | D:4      | Found a staircase to the Ecumenical Temple.
  2965 | D:4      | Found the +2 ratskin cloak {*Rats rPois rN+ Str-1 Int-1
                  | Dex+1}
  2996 | D:4      | Identified the +1 robe "Naonwac" {rElec Regen+ Archmagi}
  3250 | D:4      | Found a shimmering blue altar of Sif Muna.
  3250 | D:4      | Found a burning altar of Makhleb.
  3428 | Temple   | Entered the Ecumenical Temple
  4007 | Temple   | Became a worshipper of Qazlal Stormbringer
  4059 | D:5      | Entered Level 5 of the Dungeon
  4100 | D:5      | Reached XP level 7. HP: 56/56 MP: 7/7
  4287 | D:5      | Reached skill level 7 in Shields
  5019 | D:5      | Reached XP level 8. HP: 64/64 MP: 8/8
  5448 | D:6      | Noticed Maggie
  5586 | D:6      | Slain by Maggie

Illustrated notes

Levels and vault maps discovered:
D:1:      lemuel_arrival_hallway, layout_basic, palyth_stone_intersect,
          kennysheep_decorative_pillar
D:2:      layout_loops_ring, serial_shops, nicolae_shop_hallway_plus, shop,
          nicolae_shop_trees, nicolae_lakefront_shop, nicolae_shop_waterfront
D:3:      layout_rooms, basic_ecumenical_altar, feat_on_display
D:4:      layout_cave_pools, gammafunk_temple_overflow_statue,
          minmay_temple_entry_arrows, cheibrodos_sewer_entry_sluice,
          grunt_ministairs_9, kennysheep_donut, minmay_misc_feat_square
D:5:      layout_basic
D:6:      mumra_celtic_spiral_tile, layout_gridville, serial_shops,
          nicolae_shop_temple_entry_statues_fountains, corexii_checkpoint_a,
          kennysheep_windowed_goal, uniq_maggie, uniq_grinder, uniq_menkaure
Temple:   mainiacjoe_temple_big_plus

Skill      XL: |  1  2  3  4  5  6  7 |
---------------+----------------------+-----
Fighting       | 4 5 6 |  6.2
Armour         | 4 5 6 |  6.2
Shields        | 5 6 7 |  7.5
Long Blades    | |  2.0

Action                     |  1- 3 |  4- 6 |  7- 9 || total
---------------------------+-------+-------+-------++-------
  Melee: Long sword        |   114 |   240 |   111 ||   465
Ability: Dig               |       |       |     2 ||     2
    Use: Potion            |       |     1 |     3 ||     4
 Armour: Scale mail        |    44 |   106 |       ||   150
         Troll leather arm |       |    34 |    52 ||    86
  Dodge: Dodged            |    38 |   145 |    62 ||   245
  Block: Buckler           |    26 |    87 |    31 ||   144

Table legend: (Time is in decaauts)
 A = Elapsed time spent in this place.
 B = Non-inter-level travel time spent in this place.
 C = Inter-level travel time spent in this place.
 D = Time resting spent in this place.
 E = Time spent auto-exploring this place.
 F = Levels seen in this place.
 G = Mean time per level.
                   A        B        C        D        E       F      G
               +--------+--------+--------+--------+--------+-----+--------+
         Total |   5743 |   5115 |    628 |   1010 |   2971 |   8 |  717.9 |
       Dungeon |   4774 |   4454 |    320 |    830 |   2590 |   6 |  795.7 |
        Temple |    617 |    310 |    307 |      0 |    303 |   1 |  617.0 |
         Sewer |    350 |    350 |      0 |    180 |     78 |   1 |  350.0 |
               +--------+--------+--------+--------+--------+-----+--------+

Top non-repeatable levels by time:
     D:5: 1329 daAuts
     D:1: 1177 daAuts
     D:3: 767 daAuts
     D:4: 727 daAuts
  Temple: 617 daAuts
     D:2: 536 daAuts
   Sewer: 350 daAuts
     D:6: 236 daAuts
